 Dungeon Crawl Stone Soup version 0.26-a0-651-gb41185065b (webtiles) character file.

Game seed: 1525687540872369687

2636 Flugslaktarn the Cleaver (level 9, -8/86 HPs)
             Began as a Deep Dwarf Fighter on Oct 8, 2020.
             Was a Follower of Makhleb.
             Mangled by a two-headed ogre
             ... wielding a +0 giant spiked club
              (16 damage)
             ... on level 7 of the Dungeon.
             The game lasted 00:02:29 (3462 turns).

Flugslaktarn the Cleaver (Deep Dwarf Fighter)       Turns: 3462, Time: 00:02:29

Health: -8/86      AC: 11    Str: 23    XL:     9   Next: 35%
Magic:  8/8        EV:  7    Int:  8    God:    Makhleb [*.....]
Gold:   233        SH: 10    Dex: 13    Spells: 8/8 levels left

rFire    . . .     SeeInvis .   a - +0 war axe
rCold    . . .     Faith    .   c - +0 kite shield
rNeg     . . .     Spirit   .   n - +0 chain mail
rPois    .         Reflect  .   (no helmet)
rElec    .         Harm     .   e - +0 cloak
rCorr    .         Rampage  .   (no gloves)
MR       +....                  (no boots)
Stlth    ..........             (no amulet)
HPRegen  0.00/turn              (no ring)
MPRegen  0.11/turn              (no ring)

@: non-regenerating
A: damage resistance, heal wounds, sense surroundings 2, no regeneration
a: Heal Wounds, Renounce Religion


You were on level 7 of the Dungeon.
You worshipped Makhleb.
Makhleb was aware of your devotion.
You visited 2 branches of the dungeon, and saw 8 of its levels.
You also visited: Ossuary.

You collected 233 gold pieces.

Inventory:

Hand Weapons
 a - a +0 war axe (weapon)
Armour
 b - a +0 scale mail
 c - a +0 kite shield (worn)
 e - a +0 cloak (worn)
   (You found it on level 2 of the Dungeon)
 n - a +0 chain mail (worn)
   (You took it off Ijyb on level 4 of the Dungeon)
Jewellery
 g - an uncursed ring of magical power {unknown}
   (You found it on level 5 of the Dungeon)
 m - an uncursed ring of stealth {unknown}
   (You found it on level 6 of the Dungeon)
Wands
 l - a wand of iceblast (26)
   (You found it on level 4 of the Dungeon)
 v - a wand of paralysis (6)
   (You took it off an orc wizard on level 7 of the Dungeon)
Scrolls
 p - 2 scrolls of blinking {unknown}
 r - 2 scrolls of identify
 t - 4 scrolls of teleportation
 x - a scroll of fog {unknown}
Potions
 d - 2 potions of might
 f - 2 potions of magic
 h - 2 potions of haste
 i - 3 potions of berserk rage {unknown}
 j - 3 potions of lignification
 k - a potion of cancellation {unknown}
 o - a potion of invisibility
 q - a potion of curing {unknown}
 s - 3 potions of flight
 u - a potion of ambrosia {unknown}
 w - a potion of heal wounds
 z - a potion of stabbing {unknown}


   Skills:
 * Level 7.2 Fighting
 * Level 8.2 Axes
 + Level 6.5 Armour
 + Level 1.7 Dodging
 - Level 6.0 Shields
 + Level 3.2 Invocations


You had 8 spell levels left.
You didn't know any spells.
Your spell library was empty.

Dungeon Overview and Level Annotations

Branches:
Dungeon (7/15)             Temple (1/1) D:5         Ossuary (visited)

Altars:
Ashenzari
Cheibriados
Dithmenos
Elyvilon
Fedhas
Gozag
Hepliaklqana
Kikubaaqudgha
Makhleb
Nemelex Xobeh
Okawaru
Qazlal
Ru
Sif Muna
Uskayaw
Vehumet
Wu Jian
Xom
Yredelemnul
Zin
The Shining One

Shops:
D:6 (   D:7 !

Annotations:
D:6 1 runed translucent door, Ozzies's ghost, novice TrMo


Innate Abilities, Weirdness & Mutations

You are resistant to damage.
You can heal yourself by infusing magical energy.
You passively map the area around you.
You do not regenerate.


Message History

The two-headed ogre hits you with a +0 giant spiked club!
You block the two-headed ogre's attack.
You barely miss the two-headed ogre.
The two-headed ogre hits you with a +0 giant spiked club!
* * * LOW HITPOINT WARNING * * *
The two-headed ogre hits you with a +0 giant spiked club!!
* * * LOW HITPOINT WARNING * * *
You are too injured to fight recklessly!
You are too injured to fight recklessly!
You are too injured to fight recklessly!
You are too injured to fight recklessly!
You are too injured to fight recklessly!
You feel much better.
You hit the two-headed ogre.
The two-headed ogre is lightly wounded.
An adder skeleton comes into view.
The two-headed ogre hits you with a +0 giant spiked club!!
* * * LOW HITPOINT WARNING * * *
The two-headed ogre hits you with a +0 giant spiked club!
You die...

*, #..#
####.......[........ #...
,...#######....... #.#
*####..# #....... * , , .
#..# #....... , #.#..#
#....... *
*.#.###.#..#######.......
* ............∩..##.......
*
,,.....###.........#######
* * ......O@.........# ,
,.....###.........# , ...
,..........## ** * #
#####.##..... , ,* *,
#.##...... , *,#.Z.......
* ......## ** * *** **, ,
, , .. * * * , , * , *, ,


You could see a two-headed ogre and an adder skeleton (wandering).

Vanquished Creatures
  A hornet (D:7)
  Sigmund (D:5)
  Eustachio (D:6)
  Edmund (D:5)
  2 phantoms
  3 ogres
  A centaur (D:7)
  3 elf zombies (Ossuary)
  2 bullfrogs
  A scorpion (D:5)
  6 killer bees (D:5)
  A howler monkey (D:7)
  2 jellies
  A centaur zombie (Ossuary)
  2 orc priests (D:4)
  6 hounds
  A centaur skeleton (D:6)
  2 bullfrog skeletons
  Jessica (D:3)
  3 orc wizards
  Ijyb (D:4)
  An iguana (D:5)
  A worker ant (D:7)
  3 hound zombies (D:7)
  2 mummies (Ossuary)
  2 adders
  2 white imps
  2 ufetubi (D:5)
  2 oozes
  2 adder zombies
  2 adder skeletons
  4 leopard geckos
  15 orcs
  6 giant cockroaches
  4 goblins
  14 jackals
  2 kobolds
  A quokka (D:6)
  A ball python (D:2)
  A frilled lizard (D:5)
  8 hobgoblin zombies (Ossuary)
  4 jackal zombies (Ossuary)
  13 kobold zombies (Ossuary)
  4 orc zombies (Ossuary)
  A rat (D:2)
  3 rat zombies (Ossuary)
142 creatures vanquished.

Notes
Turn   | Place    | Note
-------+----------+-------------------------------------------
     0 | D:1      | Flugslaktarn the Deep Dwarf Fighter began the quest for the
                  | Orb.
     0 | D:1      | Reached XP level 1. HP: 20/20 MP: 1/1
   162 | D:3      | Reached XP level 2. HP: 25/27 MP: 2/2
   288 | D:3      | Noticed Jessica
   297 | D:3      | Killed Jessica
   297 | D:3      | Reached skill level 3 in Axes
   297 | D:3      | Reached XP level 3. HP: 34/34 MP: 3/3
   355 | D:4      | Reached XP level 4. HP: 33/42 MP: 4/4
   550 | D:4      | Reached XP level 5. HP: 37/50 MP: 5/5
   602 | D:4      | Noticed Ijyb
   621 | D:4      | Noticed an ogre
   644 | D:4      | Reached skill level 4 in Axes
   650 | D:4      | Killed Ijyb
   658 | D:4      | Killed an ogre
   658 | D:4      | Reached XP level 6. HP: 30/57 MP: 6/6
   770 | D:4      | Found a sacrificial altar of Ru.
   785 | D:4      | Found a basalt altar of Yredelemnul.
  1106 | D:5      | Entered Level 5 of the Dungeon
  1116 | D:5      | Noticed Sigmund
  1129 | D:5      | Killed Sigmund
  1129 | D:5      | Reached skill level 5 in Axes
  1129 | D:5      | Reached XP level 7. HP: 38/66 MP: 6/6
  1182 | D:5      | Reached skill level 5 in Fighting
  1196 | D:5      | Reached skill level 5 in Armour
  1198 | D:5      | Reached skill level 5 in Shields
  1198 | D:5      | Reached skill level 6 in Axes
  1224 | D:5      | Found a sand-covered staircase.
  1286 | D:5      | Reached XP level 8. HP: 28/75 MP: 7/7
  1298 | D:5      | Found an opulent altar of Gozag.
  1335 | Ossuary  | Entered an ossuary
  1613 | D:5      | Reached skill level 7 in Axes
  1671 | D:5      | Found a staircase to the Ecumenical Temple.
  1688 | Temple   | Entered the Ecumenical Temple
  1909 | Temple   | Became a worshipper of Makhleb the Destroyer
  1989 | D:5      | Noticed Edmund
  2011 | D:5      | Killed Edmund
  2214 | D:6      | Found a hazy altar of Hepliaklqana.
  2215 | D:6      | Found a glowing golden altar of the Shining One.
  2261 | D:6      | Reached skill level 1 in Invocations
  2355 | D:6      | Noticed Eustachio
  2430 | D:6      | Killed Eustachio
  2430 | D:6      | Gained mutation: You passively map the area around you.
                  | [Deep Dwarf growth]
  2430 | D:6      | Reached XP level 9. HP: 68/85 MP: 8/8
  2508 | D:6      | Found Uchyamyo's Antique Weapon Shop.
  2550 | D:6      | Noticed Ozzies's ghost (novice TrMo)
  2553 | D:6      | Found a runed translucent door.
  3109 | D:7      | Paralysed by a hornet for 3 turns
  3116 | D:7      | Paralysed by a hornet for 2 turns
  3119 | D:7      | Reached skill level 1 in Dodging
  3170 | D:7      | Reached skill level 8 in Axes
  3270 | D:7      | Paralysed by an orc wizard for 2 turns
  3323 | D:7      | Found a sparkling altar of Nemelex Xobeh.
  3343 | D:7      | Reached * piety under Makhleb
  3449 | D:7      | Found Monurhan's Distillery.
  3455 | D:7      | Noticed a two-headed ogre
  3462 | D:7      | Mangled by a two-headed ogre

Illustrated notes

Levels and vault maps discovered:
D:1:      dpeg_arrival_more_subterranean_lakeside_camping, layout_basic
D:2:      layout_loops_ring, okawaru_gym_becter
D:3:      minmay_razor_zed, layout_basic, tgw_trog, tgw_xom, uniq_jessica
D:4:      layout_loops_ring, minitemple, uniq_ijyb
D:5:      layout_cave_pools, lemuel_round_altar, minmay_temple_entry_overgrown,
          enter_ossuary_2, minmay_circle_x, uniq_edmund, uniq_sigmund
D:6:      layout_gridville, gammafunk_temple_overflow_statue, serial_shops,
          shop, hellmonk_ghost_happy_afterlife, serial_glass, glass_columns_b,
          glass_columns_c, due_unseen_surprise, item_on_display_a,
          uniq_eustachio
D:7:      layout_basic, nemelex_xobeh_ov_fountains_minmay, serial_shops, shop
Temple:   regret_index_temple_generic_petals

Skill      XL: |  1  2  3  4  5  6  7  8  9 |
---------------+----------------------------+-----
Fighting       | 3 4 5 6 7 |  7.2
Axes           | 3 4 5 6 7 8 |  8.2
Armour         | 4 5 6 |  6.5
Shields        | 4 5 6 |  6.0
Invocations    | 2 3 |  3.2
Dodging        | 1 |  1.7

Action                   |  1- 3 |  4- 6 |  7- 9 || total
-------------------------+-------+-------+-------++-------
Melee: War axe           |    44 |   107 |   348 ||   499
 Abil: Heal Wounds       |     1 |     6 |    13 ||    20
  Use: Potion            |       |       |     4 ||     4
       Scroll            |       |       |     7 ||     7
Armor: Scale mail        |    17 |    77 |       ||    94
       Chain mail        |       |    23 |   277 ||   300
Dodge: Dodged            |    12 |    67 |   137 ||   216
Block: Kite shield       |    27 |    75 |   259 ||   361

Table legend: (Time is in decaauts)
 A = Elapsed time spent in this place.
 B = Non-inter-level travel time spent in this place.
 C = Inter-level travel time spent in this place.
 D = Time resting spent in this place.
 E = Time spent auto-exploring this place.
 F = Levels seen in this place.
 G = Mean time per level.
                   A        B        C        D        E       F      G
               +--------+--------+--------+--------+--------+-----+--------+
         Total |   3593 |   3325 |    268 |     34 |   2355 |   9 |  399.2 |
       Dungeon |   3099 |   2893 |    206 |     34 |   2069 |   7 |  442.7 |
        Temple |    247 |    186 |     61 |      0 |    184 |   1 |  247.0 |
       Ossuary |    246 |    246 |      0 |      0 |    102 |   1 |  246.0 |
               +--------+--------+--------+--------+--------+-----+--------+

Top non-repeatable levels by time:
     D:6: 875 daAuts
     D:4: 804 daAuts
     D:5: 630 daAuts
     D:7: 431 daAuts
  Temple: 247 daAuts
 Ossuary: 246 daAuts
     D:3: 213 daAuts
     D:2: 82 daAuts
     D:1: 61 daAuts
